 Dungeon Crawl Stone Soup version 0.30.1 (webtiles) character file.

Game seed: 9418240408300940306

65 McKennaii the Conjurer (level 3, 0/26 HPs)
             Began as a Demigod Conjurer on July 9, 2023.
             Killed from afar by Sigmund (3 damage)
             ... with a magic dart
             ... on level 2 of the Dungeon.
             The game lasted 00:02:41 (1551 turns).

McKennaii the Conjurer (Demigod Conjurer)           Turns: 1551, Time: 00:02:41

Health: 0/26       AC:  3    Str:  8    XL:     3   Next: 67%
Magic:  2/9        EV: 12    Int: 24    God:
Gold:   44         SH:  0    Dex: 12    Spells: 4/7 levels left

rFire   . . .        (no weapon)
rCold   . . .        (no shield)
rNeg    . . .        a - +0 robe
rPois   .            (no helmet)
rElec   .            (no cloak)
rCorr   .            f - +0 pair of gloves
SInv    .            (no boots)
Will    .....        (no amulet)
Stlth   +            (no ring)
HPRegen 0.24/turn    (no ring)
MPRegen 0.11/turn

%: no passive effects
@: confused
A: high MP 1, forlorn, divine attributes
a: no special abilities


You were on level 2 of the Dungeon.
You visited 1 branch of the dungeon, and saw 2 of its levels.

You collected 44 gold pieces.

Inventory:

Armour
 a - a +0 robe (worn)
 f - a +0 pair of gloves (worn)
Scrolls
 c - a scroll of magic mapping {unknown}
 e - a scroll of poison {unknown}
 g - a scroll of enchant armour {unknown}
 h - a scroll of teleportation {unknown}
 i - 2 scrolls of identify {unknown}
 j - a scroll of fog {unknown}
Potions
 b - a potion of magic
 d - a potion of lignification


   Skills:
 - Level 1.7 Dodging
 - Level 1.7 Stealth
 + Level 2.8 Spellcasting
 + Level 4.4 Conjurations


You had 4 spell levels left.
You knew the following spells:

 Your Spells              Type           Power      Damage    Failure   Level
a - Magic Dart            Conj           96%        1d7       1%          1
b - Searing Ray           Conj           48%        2d6       2%          2

Your spell library contained the following spells:

 Spells                   Type           Power      Damage    Failure   Level
 Dazzling Flash           Conj/Hex       26%        N/A       14%         3
 Vhi's Electric Charge    Tloc/Air       6%         N/A       32%         3
 Fulminant Prism          Conj/Hex       6%         3d7       41%         4
 Iskenderun's Mystic Bla  Conj/Tloc      13%        2d5       41%         4
 Arcjolt                  Conj/Air       6%         1d16      77%         5
 Maxwell's Capacitive Co  Air            1%         ∞         100%        8


Dungeon Overview and Level Annotations

Branches:
Dungeon (2/15)

Shops:
D:1 ?

Annotations:
D:2 Sigmund


Innate Abilities, Weirdness & Mutations

You have an increased reservoir of magic. (+10% MP)
You shall have no god before yourself.
Your divine heritage dramatically boosts your attributes as you level up.


Message History

Aim: Sigmund, wielding a +4 scythe of venom and wearing a +0 robe (moderately wounded, 77% to hit)
The searing ray hits Sigmund.
Sigmund is heavily wounded. (Press . to maintain the ray.) Sigmund points at you and mumbles some strange words.
You resist with some effort.
The searing ray hits Sigmund!
Sigmund is almost dead.
Sigmund gestures at you while chanting. The puff of flame hits you!
Without enough magic to sustain it, your searing ray dissipates.
Sigmund barely misses you.
You aren't carrying any items that you can evoke.
Sigmund casts a spell at you. The magic dart hits you!
Casting: Searing Ray (safe; 2% risk of failure)
Confirm with . or Enter, or press ? or * to list all spells.
You don't have enough magic to cast this spell.
Sigmund gestures at you while chanting.
You are confused.
You're too confused to move!
You bump into the rock wall.
Sigmund points at you and mumbles some strange words.
You resist with some effort.
Sigmund points at you and mumbles some strange words.
You are more confused.
Sigmund misses you.
You bump into the rock wall.
Sigmund gestures at you while chanting. The puff of flame hits you!
Ouch! That really hurt!
* * * LOW HITPOINT WARNING * * *
You bump into the rock wall.
Sigmund misses you.
Sigmund gestures wildly while chanting.
Sigmund flickers and vanishes!
Deactivating autopickup; reactivate with Ctrl-A.
You bump into the rock wall.
A magic dart appears from out of thin air!
The magic dart hits you.
You die...

#..##..#..##.###.########
#.......###.# #.# ##......#
#.# #.# ###.P....###.###.#####
....PP...............#
###..P...###...#{###.#
....P.P..# ###...# #.#
...P♣♣♣P.######..# #.#
.....♣...P......@# #.#
.....♣♣♣.........# #.#
####.♣♣♣♣P♣P.....###.#########
#...P♣....###>........@....
###P.....########.###♣♣♣♣##
###...............♣
##.##########.#♣♣
#............# ##############


There were no monsters in sight!

Vanquished Creatures
  3 adders (D:2)
  A dart slug (D:1)
  3 bats
  6 endoplasms
  A giant cockroach (D:2)
  7 hobgoblins (D:1)
  2 jackals (D:2)
  A quokka (D:2)
  3 ball pythons
  2 frilled lizards
  3 goblins
  A kobold (D:1)
  A rat (D:2)
34 creatures vanquished.

Notes
Turn   | Place    | Note
-------+----------+-------------------------------------------
     0 | D:1      | McKennaii the Demigod Conjurer began the quest for the Orb.
     0 | D:1      | Reached XP level 1. HP: 14/14 MP: 5/5
   185 | D:1      | Found Ymyrch's Magic Scroll Emporium.
   255 | D:1      | Reached XP level 2. HP: 20/20 MP: 0/7
   447 | D:1      | Reached skill level 4 in Conjurations
   516 | D:1      | Learned a level 2 spell: Searing Ray
   967 | D:2      | Reached XP level 3. HP: 20/26 MP: 1/9
  1517 | D:2      | Noticed Sigmund
  1551 | D:2      | Killed from afar by Sigmund

Illustrated notes

Levels and vault maps discovered:
D:1:      saegor_arrival_miasma, layout_rooms, serial_shops,
          nicolae_shop_hallway_plus
D:2:      layout_basic, basic_altar, serial_forest,
          infiniplex_forest_clump_medium, infiniplex_forest_end_2,
          infiniplex_forest_clump_curved, infiniplex_forest_lined_corner,
          infiniplex_forest_straight_1, nicolae_half_adder, uniq_sigmund

Skill      XL: |  1  2 |
---------------+-------+-----
Spellcasting   | 2 |  2.8
Conjurations   | 4 |  4.4
Dodging        | |  1.7
Stealth        | |  1.7

Action                     || total
---------------------------++-------
  Melee: Unarmed           ||    18
   Cast: Magic Dart        ||    70
         Searing Ray       ||     2
    Use: Potion            ||     2
 Armour: Robe              ||     4
         Skin              ||    15
  Dodge: Dodged            ||    15
